 Dungeon Crawl Stone Soup version 0.26-a0-54-g15ccc7ae60 (webtiles) character file.

Game seed: 12528366438335071186

141624 Hasart the Tainter (level 17, -1/108 HPs)
             Began as an Octopode Venom Mage on June 7, 2020.
             Was a High Priest of Sif Muna.
             Killed from afar by Ilsuiw (20 damage)
             ... with a shard of ice
             ... on level 3 of the Shoals on June 8, 2020.
             The game lasted 01:55:57 (38196 turns).

Hasart the Tainter (Octopode Venom Mage)           Turns: 38196, Time: 01:55:57

Health: -1/108     AC:  3    Str: 13    XL:     17   Next: 33%
Magic:  9/41       EV: 18    Int: 32    God:    Sif Muna [*****.]
Gold:   1699       SH:  8    Dex: 13    Spells: 13/39 levels left

rFire    + + .     SeeInvis +   d - +7 falchion (elec)
rCold    + + .     Gourm    .   w - +3 warlock's mirror {reflect}
rNeg     . . .     Faith    .   i - +2 hat {SInv}
rPois    .         Spirit   .   F - amulet of magic regeneration
rElec    .         Reflect  +   c - ring of magical power
rCorr    .         Harm     .   p - +6 ring of intelligence
MR       ++...                  t - +6 ring of strength (curse)
Stlth    ++++......             E - ring of protection from magic
HPRegen  0.28/turn              L - ring of flight
MPRegen  0.52/turn              S - ring of protection from cold
                                Y - ring "Eraler" {rF++ rC+ Int+2}
                                (no ring)

@: radiating poison
A: almost no armour, stealthy swim, amphibious, 8 rings, constrict 8, camouflage
1, gelatinous body 1
a: Channel Magic, Forget Spell, Divine Exegesis, Renounce Religion, Evoke Flight


You were on level 3 of the Shoals.
You worshipped Sif Muna.
Sif Muna was extremely pleased with you.
You were not hungry.

You visited 5 branches of the dungeon, and saw 27 of its levels.

You collected 2872 gold pieces.
You spent 1173 gold pieces at shops.

Inventory:

Hand Weapons
 d - a +7 falchion of electrocution (weapon)
 s - the +2 falchion of Hitusil {pain, Str+2 Int+4 Dex+3}
   (You took it off a kobold on level 14 of the Dungeon)

   In the hands of one skilled in necromantic magic, it inflicts extra damage on
   living creatures.
   It affects your strength (+2).
   It affects your intelligence (+4).
   It affects your dexterity (+3).
Armour
 i - a +2 hat of see invisible (worn)
 w - the +3 warlock's mirror (worn) {reflect}
   (You acquired it on level 2 of the Shoals)
 N - the +3 kite shield of the Saviour {rC+ Int+2}
   (You took it off Donald on level 1 of the Shoals)

   It affects your intelligence (+2).
   It protects you from cold.
Jewellery
 c - a ring of magical power (left tentacle)
 p - a +6 ring of intelligence (right tentacle)
 t - a cursed +6 ring of strength (on tentacle)
 x - an uncursed ring of wizardry
 E - a ring of protection from magic (on tentacle)
 F - an amulet of magic regeneration (around mantle)
 H - an uncursed amulet of faith {unknown}
 L - a ring of flight (on tentacle)
 S - a ring of protection from cold (on tentacle)
 T - an uncursed amulet of guardian spirit {unknown}
 Y - the ring "Eraler" (on tentacle) {rF++ rC+ Int+2}
   (You took it off a centaur warrior on level 11 of the Dungeon)

   [ring of protection from cold]

   It affects your intelligence (+2).
   It greatly protects you from fire.
   It protects you from cold.
Wands
 C - a wand of digging (5)
 P - a wand of clouds (3)
Scrolls
 a - 18 scrolls of identify
 e - 9 scrolls of teleportation
 f - 17 scrolls of remove curse
 h - 7 scrolls of amnesia
 j - 4 scrolls of immolation
 q - a scroll of fog
 y - 2 scrolls of brand weapon
 z - a scroll of enchant weapon
 I - 3 scrolls of fear
 O - 2 scrolls of magic mapping
 X - 2 scrolls of summoning
Potions
 k - 3 potions of invisibility
 l - 4 potions of lignification
 m - 2 potions of ambrosia {unknown}
 n - 9 potions of heal wounds
 o - 3 potions of haste
 r - 3 potions of mutation
 u - a potion of brilliance
 v - 5 potions of curing
 A - 2 potions of berserk rage
 B - 3 potions of stabbing {unknown}
 G - 2 potions of flight {unknown}
 J - 3 potions of degeneration {unknown}
 M - 6 potions of might {unknown}
 Q - a potion of cancellation
 R - 2 potions of resistance {unknown}
 Z - 2 potions of magic {unknown}
Comestibles
 b - 28 rations
 g - 4 chunks of flesh


   Skills:
 + Level 7.5 Fighting
 - Level 5.0 Long Blades
 + Level 9.0 Dodging
 - Level 2.6 Stealth
 + Level 4.8 Shields
 + Level 11.9 Spellcasting
 - Level 5.0 Conjurations
 + Level 4.8 Charms
 * Level 11.2 Transmutations
 * Level 7.5 Fire Magic
 - Level 5.0 Ice Magic
 - Level 12.5 Air Magic
 - Level 13.0 Poison Magic
 - Level 9.0 Invocations
 - Level 7.0 Evocations


You had 13 spell levels left.
You knew the following spells:

 Your Spells              Type           Power        Failure   Level  Hunger
a - Sting                 Tmut/Pois      ####         1%          1    None
b - Poisonous Vapours     Pois/Air       ######       1%          2    None
c - Mephitic Cloud        Conj/Pois/Air  ######..     1%          3    None
d - Olgreb's Toxic Radia  Pois           #######.     1%          4    None
e - Ignite Poison         Fire/Tmut/Pois ######..     1%          3    None
f - Ice Form              Ice/Tmut       ######..     1%          4    None
q - Swiftness             Chrm/Air       ######..     1%          2    None
s - Airstrike             Air            #######...   1%          4    None
w - Ozocubu's Armour      Chrm/Ice       ######..     1%          3    None

Your spell library contained the following spells:

 Spells                   Type           Power        Failure   Level  Hunger
 Beastly Appendage        Tmut           ######       1%          1    None
 Foxfire                  Conj/Fire      ####         1%          1    None
 Magic Dart               Conj           ####         1%          1    None
 Shock                    Conj/Air       ####         1%          1    None
 Corpse Rot               Necr/Air       N/A          1%          2    None
 Searing Ray              Conj           ######       1%          2    None
 Sticks to Snakes         Tmut           ######..     1%          2    None
 Conjure Flame            Conj/Fire      ######..     1%          3    None
 Inner Flame              Hex/Fire       #####...     1%          3    None
 Spider Form              Tmut/Pois      #######...   1%          3    None
 Static Discharge         Conj/Air       ######..     1%          3    None
 Summon Lightning Spire   Summ/Air       ######..     1%          4    None
 Blade Hands              Tmut           ######....   1%          5    #......
 Lightning Bolt           Conj/Air       ######....   1%          5    #......
 Animate Skeleton         Necr           N/A          2%          1    None
 Apportation              Tloc           ###...       2%          1    None
 Corona                   Hex            ###....      2%          1    None
 Pain                     Necr           ###.         2%          1    None
 Dazzling Flash           Conj/Hex       #####.       2%          3    None
 Petrify                  Tmut/Erth      ######..     2%          4    None
 Blink                    Tloc           N/A          3%          2    None
 Call Imp                 Summ           ###.....     3%          2    None
 Slow                     Hex            ###.....     3%          2    None
 Hailstorm                Conj/Ice       ######..     3%          4    None
 Fireball                 Conj/Fire      ######....   5%          5    #......
 Silence                  Hex/Air        ######....   5%          5    #......
 Portal Projectile        Hex/Tloc       ###...       8%          3    None
 Summon Guardian Golem    Hex/Summ       ###.....     8%          3    None
 Vampiric Draining        Necr           ###.......   8%          3    None
 Fulminant Prism          Conj/Hex       #####.....   9%          4    None
 Iskenderun's Mystic Bla  Conj/Tloc      #####...     9%          4    None
 Summon Ice Beast         Ice/Summ       #####...     9%          4    None
 Bolt of Magma            Conj/Fire/Erth #####.....   12%         5    #......
 Freezing Cloud           Conj/Ice/Air   ######....   17%         6    ####...
 Dragon Form              Tmut           ######....   21%         7    ######.
 Animate Dead             Necr           N/A          26%         4    None
 Cause Fear               Hex            ###.......   26%         4    None
 Leda's Liquefaction      Hex/Erth       ###.......   26%         4    None
 Metabolic Englaciation   Hex/Ice        #####.....   26%         5    #......
 Agony                    Necr           ###.....     56%         5    #......
 Ring of Flames           Chrm/Fire      ######....   86%         7    ######.
 Orb of Destruction       Conj           ######....   95%         7    ######.
 Chain Lightning          Conj/Air       ######....   99%         8    #######
 Malign Gateway           Summ/Tloc      ###.......   100%        7    ######.
 Monstrous Menagerie      Summ           ###.......   100%        7    ######.
 Spellforged Servitor     Conj/Summ      #####.....   100%        7    ######.
 Summon Greater Demon     Summ           ###.......   100%        7    ######.
 Ignition                 Fire           ######....   100%        8    #######
 Summon Horrible Things   Summ           ###.......   100%        8    #######
 Dragon's Call            Summ           ###.......   100%        9    #######


Dungeon Overview and Level Annotations

Branches:
Dungeon (15/15)            Temple (1/1) D:7            Lair (6/6) D:8
 Shoals (3/4) Lair:4        Snake (0/4) Lair:3        Slime (0/5) Lair:5
    Orc (2/2) D:9             Elf (0/3) Orc:2        Vaults (0/5) D:14
 Depths (0/5) D:15

Altars:
Ashenzari
Cheibriados
Dithmenos
Elyvilon
Fedhas
Gozag
Hepliaklqana
Kikubaaqudgha
Makhleb
Nemelex Xobeh
Okawaru
Qazlal
Ru
Sif Muna
Trog
Uskayaw
Vehumet
Wu Jian
Xom
Yredelemnul
Zin
The Shining One

Shops:
D:8 %   D:11 %   Orc:2 :(*?   Shoals:1 (

Portals:
Pandemonium: Orc:2

Annotations:
D:10 exclusion: downstairs
D:13 2 runed translucent doors, Plog's ghost, journeyman TrMo
Lair:5 1 runed translucent door, Ponosuih's ghost, journeyman DrGl
Shoals:1 3 runed translucent doors, Imirphit's ghost, adept DDFi; MirrMurr's ghost, adept SpEn
Shoals:3 Ilsuiw
Orc:1 exclusion: downstairs


Innate Abilities, Weirdness & Mutations

You cannot wear most types of armour.
You are very stealthy in the water. (Stealth+)
You are amphibious.
You can wear up to eight rings at the same time.
You can use your tentacles to constrict eight enemies at once.
Your skin changes colour to match your surroundings (Stealth+).
Your rubbery body absorbs attacks. (AC +1, EV +1)


Message History

Confirm with . or Enter, or press ? or * to list all spells.
Aiming: Mephitic Cloud (safe; 1% risk of failure)
Press: ? - help, Shift-Dir - straight line The ball explodes into a vile cloud!
The stinking cloud engulfs Ilsuiw but does no damage.
Ilsuiw is moderately wounded.
Ilsuiw looks even sicker.
Ilsuiw is engulfed in noxious fumes. x2
Unknown command.
Unknown command.
Unknown command.
Unknown command.
Casting: Mephitic Cloud (safe; 1% risk of failure)
Confirm with . or Enter, or press ? or * to list all spells.
You ignite the poison in your surroundings!
Ilsuiw seems to burn from within!
Ilsuiw is heavily wounded.
Ilsuiw is poisoned.
Ilsuiw is engulfed in blazing flames.
Ilsuiw gestures at you while chanting. The shard of ice hits you!!
You partially resist.
You die...

≈≈≈≈≈≈≈≈≈≈≈≈≈≈≈≈≈≈≈≈≈≈≈≈≈≈
≈≈≈≈≈≈≈≈≈≈≈≈≈≈≈≈≈≈≈≈≈≈≈≈≈≈
≈≈≈≈≈≈≈≈≈≈≈≈≈≈≈≈≈≈≈≈≈≈≈≈≈≈
≈≈≈≈≈≈≈≈≈≈≈≈≈≈≈≈≈≈≈≈≈≈≈≈≈≈
≈≈≈≈≈≈≈≈≈≈≈≈≈≈≈≈≈≈≈≈≈≈≈≈≈≈
≈≈≈≈≈≈≈≈≈≈≈≈≈≈≈≈≈≈≈≈≈≈≈≈≈≈
≈≈≈≈≈≈≈≈≈≈≈≈≈≈≈≈≈≈≈≈≈≈≈≈≈≈
≈≈≈≈≈≈≈≈≈≈≈≈≈≈≈≈≈≈§§§)≈≈≈≈
≈≈≈≈≈≈≈≈≈≈≈≈≈≈≈≈@≈m§§≈≈≈).
>.≈≈≈≈≈≈≈≈≈≈≈≈≈≈≈≈≈§○≈)≈).m
....≈≈≈≈≈≈≈≈≈≈≈≈≈≈≈≈≈.)≈).
###.≈≈≈≈≈≈≈≈≈≈≈≈≈≈≈..≈≈)..
# #..≈≈≈≈≈≈≈≈≈≈≈≈≈≈..≈≈≈≈.
###.≈≈≈≈≈≈≈≈≈≈≈≈≈≈≈..≈≈≈..
...≈≈≈≈≈≈≈≈≈≈≈≈≈≈≈≈....#..
≈≈≈≈≈)≈≈≈≈≈≈≈≈≈≈≈≈≈....#
≈≈≈≈≈≈≈≈≈≈≈≈≈≈≈≈≈


You could see Ilsuiw (invisible, poisoned).

Vanquished Creatures
  Rupert (Lair:4)
  A kraken (Shoals:2)
  Polyphemus (Shoals:2)
  Donald (Shoals:1)
  2 orc warlords
  Nessos (D:15)
  4 merfolk javelineers
  4 merfolk impalers (Shoals:1)
  4 vault guards (D:14)
  A death knight (D:11)
  A merfolk avatar (Shoals:1)
  4 catoblepae
  Erica (D:9)
  3 two-headed ogres
  10 hydras
  6 centaur warriors
  18 death yaks
  A merfolk aquamancer (Shoals:2)
  2 tengu warriors (D:15)
  6 orc high priests (Orc:2)
  A sun demon (Orc:2)
  Urug (D:12)
  2 soul eaters (Orc:2)
  A fire crab (Lair:6)
  A fire crab (shapeshifter) (D:15)
  An unseen horror (shapeshifter) (D:15)
  3 skeletal warriors
  A glowing orange brain (D:15)
  3 sea snakes
  A gelid demonspawn (Orc:2)
  A lindwurm (Lair:5)
  6 orc knights
  3 harpies (Shoals:2)
  A lindwurm (shapeshifter) (D:15)
  13 fauns
  6 cyclopes
  4 manticores
  6 orc sorcerers
  An oklob plant (Lair:5)
  12 ugly things
  4 black mambas
  6 elephants (Lair:5)
  Maurice (D:9)
  A water nymph (Shoals:2)
  8 merfolk sirens
  Joseph (D:9)
  4 gargoyles
  An orange demon (Orc:2)
  10 spiny frogs
  A yaktaur (D:11)
  5 komodo dragons
  A freezing wraith (D:11)
  3 efreet
  A red devil (Orc:2)
  4 trolls
  8 merfolk
  2 wind drakes (shapeshifter) (D:15)
  A queen bee (Lair:2)
  A wind drake (Shoals:3)
  3 polar bears
  21 blink frogs
  7 hornets
  A meliai zombie (D:11)
  21 slime creatures
  9 hippogriffs
  4 snapping turtles (Shoals:2)
  A centaur simulacrum (D:14)
  A tarantella (shapeshifter) (D:15)
  12 spriggans (Lair:6)
  4 water elementals
  2 wraiths
  46 yaks
  4 wyverns
  5 basilisks
  A chaos spawn (Orc:2)
  5 vampire mosquitoes
  2 hungry ghosts (D:14)
  4 wargs
  2 nagas (Lair:3)
  An acid dragon (D:13)
  A soldier ant (D:12)
  11 water moccasins
  32 orc warriors
  8 porcupines
  A phantom (D:12)
  A necrophage (D:9)
  3 sky beasts
  3 ice beasts
  6 black bears
  10 ogres
  14 wolves (Lair:6)
  8 boggarts
  15 centaurs
  8 crocodiles
  3 big kobolds
  13 bullfrogs
  3 scorpions
  A water moccasin skeleton (D:7)
  12 wights
  26 killer bees
  7 howler monkeys
  A lava snake (D:14)
  6 crimson imps
  4 jellies
  A quasit (D:7)
  6 hounds
  23 orc priests
  18 orc wizards
  3 centaur zombies
  5 bullfrog skeletons
  3 centaur skeletons
  A gnoll shaman (Orc:2)
  An iguana (D:11)
  Jessica (D:3)
  Natasha (D:3)
  10 worker ants
  2 hound skeletons
  A howler monkey zombie (D:9)
  Robin (D:3)
  2 worker ant zombies
  15 adders
  3 gnolls (Orc:2)
  5 shadow imps
  A worker ant simulacrum (D:11)
  An ooze (D:3)
  An adder zombie (D:3)
  5 worms (D:2)
  2 dart slugs (D:2)
  5 leopard geckos
  78 orcs
  13 giant cockroaches
  15 goblins
  13 hobgoblins
  7 jackals
  11 quokkas
  A ball python (D:1)
  9 bats
  11 frilled lizards
  17 kobolds
  3 leopard gecko skeletons
  A leopard gecko zombie (D:6)
  A quokka skeleton (D:6)
  10 rats
  A butterfly (Lair:2)
  A fungus (Lair:2)
  A tentacle (Shoals:2)
866 creatures vanquished.

Vanquished Creatures (others)
  A hippogriff (Lair:5)
  13 fungi
  16 plants
  3 tentacles (Shoals:2)
33 creatures vanquished.

Grand Total: 899 creatures vanquished

Notes
Turn   | Place    | Note
-------+----------+-------------------------------------------
     0 | D:1      | Hasart the Octopode Venom Mage began the quest for the Orb.
     0 | D:1      | Reached XP level 1. HP: 11/11 MP: 3/3
   290 | D:1      | Reached XP level 2. HP: 16/17 MP: 1/5
   414 | D:1      | Reached skill level 4 in Poison Magic
  1117 | D:1      | Reached XP level 3. HP: 18/21 MP: 6/6
  1123 | D:1      | Learned a level 2 spell: Poisonous Vapours
  1598 | D:2      | Found a hazy altar of Hepliaklqana.
  1599 | D:2      | Found a white marble altar of Elyvilon.
  1857 | D:2      | Found a bloodstained altar of Trog.
  2103 | D:2      | Reached XP level 4. HP: 27/27 MP: 7/7
  2132 | D:2      | Found an ornate altar of the Wu Jian Council.
  2651 | D:2      | Reached skill level 1 in Air Magic
  3128 | D:3      | Found a faded altar of an unknown god.
  3160 | D:3      | Reached skill level 5 in Poison Magic
  3162 | D:3      | Reached XP level 5. HP: 31/31 MP: 8/8
  3311 | D:3      | Noticed Jessica
  3316 | D:3      | Killed Jessica
  3464 | D:3      | Noticed Robin
  3478 | D:3      | Learned a level 3 spell: Mephitic Cloud
  3663 | D:3      | Reached XP level 6. HP: 8/36 MP: 10/10
  3898 | D:3      | Learned a level 4 spell: Olgreb's Toxic Radiance
  4061 | D:3      | Noticed Natasha
  4065 | D:3      | Killed Natasha
  4229 | D:3      | Found a basalt altar of Yredelemnul.
  4265 | D:3      | Killed Robin
  4325 | D:3      | Found a glowing golden altar of the Shining One.
  4327 | D:3      | Noticed an angel
  4411 | D:3      | Reached skill level 6 in Poison Magic
  4635 | D:3      | Found a shadowy altar of Dithmenos.
  4774 | D:4      | Found a shadowy altar of Dithmenos.
  4868 | D:4      | Found a snail-covered altar of Cheibriados.
  4875 | D:4      | Reached XP level 7. HP: 41/41 MP: 11/11
  5322 | D:5      | Entered Level 5 of the Dungeon
  5421 | D:5      | Found an ancient bone altar of Kikubaaqudgha.
  5461 | D:5      | Reached skill level 1 in Conjurations
  5742 | D:5      | Found a shattered altar of Ashenzari.
  5756 | D:5      | Reached skill level 7 in Poison Magic
  5756 | D:5      | Reached XP level 8. HP: 46/46 MP: 13/13
  5879 | D:5      | Found a hide-covered altar of Uskayaw.
  6980 | D:6      | Reached skill level 8 in Poison Magic
  6985 | D:6      | Learned a level 3 spell: Ignite Poison
  7893 | D:7      | Found a staircase to the Ecumenical Temple.
  7899 | Temple   | Entered the Ecumenical Temple
  7976 | Temple   | Became a worshipper of Sif Muna the Loreminder
  8013 | D:7      | Reached XP level 9. HP: 27/51 MP: 13/15
  8170 | D:7      | Reached skill level 5 in Dodging
  8289 | D:7      | Reached skill level 9 in Poison Magic
  8576 | D:8      | Reached * piety under Sif Muna
  8614 | D:8      | Reached skill level 5 in Transmutations
  8685 | D:8      | Found Toeceow's Food Boutique.
  8736 | D:8      | Reached skill level 1 in Evocations
  8883 | D:8      | Reached skill level 1 in Fire Magic
  8961 | D:8      | Found a staircase to the Lair.
  9506 | D:9      | Noticed Joseph
  9515 | D:9      | Killed Joseph
  9515 | D:9      | Reached skill level 5 in Spellcasting
  9515 | D:9      | Reached skill level 5 in Air Magic
  9515 | D:9      | Reached XP level 10. HP: 56/56 MP: 8/17
  9743 | D:9      | Noticed Maurice
  9752 | D:9      | Killed Maurice
  9759 | D:9      | Noticed a two-headed ogre
  9774 | D:9      | Killed a two-headed ogre
  9774 | D:9      | Reached skill level 10 in Poison Magic
  9774 | D:9      | Reached skill level 1 in Invocations
  9781 | D:9      | Noticed Erica
  9802 | D:9      | Killed Erica
  9802 | D:9      | Reached ** piety under Sif Muna
  9983 | D:9      | Found a staircase to the Orcish Mines.
 10495 | D:10     | Entered Level 10 of the Dungeon
 10746 | D:10     | Reached XP level 11. HP: 50/61 MP: 19/19
 10747 | D:10     | Reached skill level 5 in Conjurations
 11429 | D:10     | Noticed a two-headed ogre
 11436 | D:10     | Killed a two-headed ogre
 11436 | D:10     | Reached skill level 11 in Poison Magic
 11581 | Lair:1   | Entered Level 1 of the Lair of Beasts
 11665 | Lair:1   | Noticed a seven-headed hydra
 11670 | Lair:1   | Killed a seven-headed hydra
 11764 | Lair:1   | Reached *** piety under Sif Muna
 11842 | Lair:1   | Noticed a seven-headed hydra
 11860 | Lair:1   | Killed a seven-headed hydra
 12185 | Orc:1    | Entered Level 1 of the Orcish Mines
 12192 | Orc:1    | Noticed an orc warlord
 12199 | Orc:1    | Reached skill level 5 in Evocations
 12201 | Orc:1    | Killed an orc warlord
 12201 | Orc:1    | Reached skill level 12 in Poison Magic
 12201 | Orc:1    | Reached XP level 12. HP: 57/66 MP: 15/22
 12289 | Orc:1    | Found a shimmering altar of Xom.
 12514 | Orc:1    | Reached skill level 5 in Fire Magic
 12514 | Orc:1    | Reached skill level 5 in Invocations
 12514 | Orc:1    | Reached skill level 1 in Fighting
 12752 | Orc:1    | Reached **** piety under Sif Muna
 13324 | Orc:2    | Entered Level 2 of the Orcish Mines
 13398 | Orc:2    | Found a staircase to the Elven Halls.
 13457 | Orc:2    | Noticed an orc warlord
 13472 | Orc:2    | Killed an orc warlord
 14111 | Orc:2    | Found Amirch's General Store.
 14130 | Orc:2    | Found Xuasigis's Magic Scroll Shoppe.
 14420 | Orc:2    | Bought a scroll of blinking for 97 gold pieces
 14420 | Orc:2    | Bought a scroll of magic mapping for 45 gold pieces
 14466 | Orc:2    | Noticed a soul eater
 14478 | Orc:2    | Killed a soul eater
 14863 | Orc:2    | Noticed an orc high priest
 14867 | Orc:2    | Killed an orc high priest
 14942 | Orc:2    | Noticed a sun demon
 15300 | D:11     | Noticed a death knight
 15903 | Lair:2   | Reached XP level 13. HP: 79/79 MP: 24/24
 15937 | Lair:2   | Reached ***** piety under Sif Muna
 15940 | Lair:2   | Received a gift from Sif Muna
 15947 | Lair:2   | Reached skill level 13 in Poison Magic
 15970 | Lair:1   | Learned a level 2 spell: Swiftness
 15975 | Lair:1   | Learned a level 4 spell: Airstrike
 16920 | Lair:3   | Reached skill level 5 in Fighting
 17317 | Lair:3   | Found a staircase to the Snake Pit.
 18039 | Lair:4   | Noticed Rupert
 18209 | Lair:4   | Found a staircase to the Shoals.
 19518 | Lair:5   | Reached XP level 14. HP: 88/88 MP: 23/27
 20151 | Lair:5   | Found a runed translucent door.
 20152 | Lair:5   | Identified the +10 trident "Vogidwer" {elec, *Drain +Rage
                  | rF- rC+++}
 20241 | Lair:5   | Found a staircase to the Slime Pits.
 20312 | Lair:5   | Noticed Ponosuih's ghost (journeyman DrGl)
 20675 | Lair:6   | Entered Level 6 of the Lair of Beasts
 20835 | Lair:6   | Identified Sif Muna's Handbook of Spatial Calling (Sif Muna
                  | gifted it to you on level 6 of the Lair of Beasts)
 20835 | Lair:6   | Received a gift from Sif Muna
 21214 | Lair:6   | Reached skill level 10 in Spellcasting
 21214 | Lair:6   | Reached skill level 10 in Air Magic
 21510 | Lair:6   | Paralysed by a hornet for 3 turns
 21517 | Lair:6   | HP: 3/88 [something (3)]
 21522 | Lair:6   | HP: 4/88 [spriggan/cursed -3 short sword (8)]
 23688 | Orc:2    | Identified Sif Muna's Reference Book on Self-Improvement
                  | and Ice (Sif Muna gifted it to you on level 2 of the Orcish
                  | Mines)
 23688 | Orc:2    | Received a gift from Sif Muna
 23700 | Orc:2    | Learned a level 3 spell: Ozocubu's Armour
 23788 | Orc:2    | Reached XP level 15. HP: 70/92 MP: 9/30
 23967 | Orc:2    | Reached skill level 1 in Long Blades
 24398 | Orc:2    | Found Tudim's Antique Weapon Shop.
 24398 | Orc:2    | Found a one-way gate leading to the halls of Pandemonium.
 24398 | Orc:2    | Found Seggureup's Book Boutique.
 24420 | Orc:2    | Bought a book of Conjurations for 390 gold pieces
 24453 | Orc:2    | Bought a scroll of summoning for 123 gold pieces
 24453 | Orc:2    | Bought a scroll of enchant weapon for 97 gold pieces
 24453 | Orc:2    | Bought a scroll of identify for 26 gold pieces
 24453 | Orc:2    | Bought a scroll of remove curse for 39 gold pieces
 25922 | D:11     | Found Listelum's Food Shoppe.
 25976 | D:11     | Reached skill level 1 in Ice Magic
 25988 | D:11     | Identified the ring "Eraler" {rF++ rC+ Int+2}
 26499 | D:11     | Reached skill level 1 in Charms
 26587 | D:11     | Identified Sif Muna's Incunabulum of Mutagenic Fire
 26713 | D:11     | Reached skill level 1 in Shields
 27038 | D:11     | Identified a scroll of acquirement
 27626 | D:12     | Received a gift from Sif Muna
 27678 | D:12     | Learned a level 4 spell: Ice Form
 27800 | D:12     | Noticed Urug
 27807 | D:12     | Killed Urug
 28325 | D:13     | Found a large runed translucent door.
 28325 | D:13     | Found a large runed translucent door.
 28329 | D:13     | Noticed Plog's ghost (journeyman TrMo)
 28802 | D:13     | Identified the +5 rapier "Zuteuwkimm" {vorpal, Int+2 Dex+2}
                  | (You found it on level 13 of the Dungeon)
 30545 | D:14     | Found a gate to the Vaults.
 30636 | D:14     | Reached XP level 16. HP: 55/101 MP: 30/31
 31136 | D:14     | Identified Sif Muna's Grimoire of Feathery Ignition (Sif
                  | Muna gifted it to you on level 14 of the Dungeon)
 31136 | D:14     | Received a gift from Sif Muna
 31404 | D:14     | Reached skill level 10 in Transmutations
 31412 | D:14     | Identified the +2 falchion of Hitusil {pain, Str+2 Int+4
                  | Dex+3}
 31595 | D:14     | Identified the +2 falchion of Burning Watchfulness
                  | {antimagic, rC+ Str+2} (You found it on level 14 of the
                  | Dungeon)
 31852 | D:15     | Entered Level 15 of the Dungeon
 32225 | D:15     | Noticed Nessos
 32541 | D:15     | Killed Nessos
 33017 | D:15     | Identified the +1 chain mail "Rekkehay" {rC+ rN+ Slay-4}
 34129 | D:15     | Found a staircase to the Depths.
 34413 | Lair:4   | Killed Rupert
 34515 | Shoals:1 | Entered Level 1 of the Shoals
 34581 | Shoals:1 | Found a runed translucent gate.
 34581 | Shoals:1 | Found a runed translucent gate.
 34581 | Shoals:1 | Found a runed translucent gate.
 34585 | Shoals:1 | Noticed MirrMurr's ghost (adept SpEn)
 34585 | Shoals:1 | Noticed Imirphit's ghost (adept DDFi)
 34611 | Shoals:1 | Found Likhet's Antique Weapon Shoppe.
 34619 | Shoals:1 | Bought a crude great sword for 356 gold pieces
 34619 | Shoals:1 | Identified the +5 great sword "Imp's Death" {vorpal, rN+
                  | Str+2 Dex+2} (You bought it in a shop on level 1 of the
                  | Shoals)
 34874 | Shoals:1 | Identified the +3 kite shield of the Saviour {rC+ Int+2}
 34874 | Shoals:1 | Noticed Donald
 34881 | Shoals:1 | Killed Donald
 35088 | Shoals:1 | Identified Sif Muna's Collected Works on Harmful
                  | Weightlessness (Sif Muna gifted it to you on level 1 of the
                  | Shoals)
 35088 | Shoals:1 | Received a gift from Sif Muna
 35504 | Shoals:1 | Reached skill level 5 in Long Blades
 35975 | Shoals:2 | Reached XP level 17. HP: 42/108 MP: 20/32
 36229 | Shoals:2 | Noticed Polyphemus
 36243 | Shoals:2 | HP: 1/108 [water elemental (21)]
 36692 | Shoals:2 | Noticed a kraken
 36700 | Shoals:2 | Killed a kraken
 36702 | Shoals:2 | Found the +3 warlock's mirror {reflect}
 36702 | Shoals:2 | Got the +3 warlock's mirror {reflect}
 37166 | Shoals:2 | Killed Polyphemus
 38189 | Shoals:3 | Noticed Ilsuiw
 38194 | Shoals:3 | Reached skill level 5 in Ice Magic
 38196 | Shoals:3 | Killed from afar by Ilsuiw

Illustrated notes

Levels and vault maps discovered:
D:1:      minmay_arrival_wavy_path, layout_basic,
          chequers_serial_rivers_micro_b, minmay_unequal
D:2:      layout_loops_corners, lemuel_doored_altar,
          chequers_temple_overflow_statue_of_worship, kennysheep_generic_room_4
D:3:      layout_basic, grunt_temple_overflow_holy_war, first_ration,
          chequers_ecumenical_altar_simple_redux, lemuel_tele_altar,
          uniq_natasha, uniq_jessica, uniq_robin
D:4:      layout_cave_pools, grunt_dithmenos_smoke_and_mirrors,
          lemuel_crystal_altar
D:5:      layout_loops_ring, old_standard_altar, nicolae_overflow_crystal_walls,
          overflow_temple_1_default, grunt_ministairs_5, lemuel_flame_loot_1
D:6:      layout_basic, corexii_item_surrounded_by_moat
D:7:      layout_rooms, minmay_temple_entry_wispy
D:8:      layout_basic, dpeg_oklobed_lair, serial_shops, shop
D:9:      layout_irregular_city, orc_0_dummy, uniq_joseph, uniq_erica,
          uniq_maurice
D:10:     layout_loops_corners
D:11:     minmay_the_grid_triangle_9x9_recursive_2_mashed
          [minmay_the_grid_triangle_9x9_prize_center,
          minmay_the_grid_triangle_9x9_sparse_checkered,
          minmay_the_grid_triangle_9x9_alien,
          minmay_the_grid_triangle_9x9_minimal], layout_basic, serial_shops,
          nicolae_shop_crystal, hangedman_decor_growths
D:12:     layout_long_grid, uniq_urug
D:13:     layout_layer_cave, ebering_ghost_disaster_area
D:14:     layout_loops_ring, lightli_vaults_fourway_checkpoint,
          nicolae_lava_and_water
D:15:     gammafunk_enter_depths_forms, layout_basic, kennysheep_pointless_box,
          serial_bayou_crossing, uniq_nessos
Temple:   jpeg_temple_clearing
Lair:1:   layout_roguey, minivault_23, serial_bayou_shore_a
Lair:2:   layout_roguey [special_room_bee], lemuel_fruit_fields,
          grunt_megastairs_4, lemuel_fruit_fields, infiniplex_staircase_pool_2
Lair:3:   layout_cave_pods, minmay_snake_entry_guardpost_small,
          grunt_megastairs_1
Lair:4:   layout_regular_city, minmay_shoals_entry_beasts, uniq_rupert
Lair:5:   layout_layer_cave, minmay_slime_entry_oklob_enclosed,
          ebering_ghost_funeral_grove
Lair:6:   minmay_lair_end_enchanted_forest, layout_regular_city
Shoals:1: layout_shoals, serial_shops, nicolae_shop_trees,
          gammafunk_ghost_cemetery, nicolae_shoals_circle_sea_wall,
          nicolae_shoals_mertower, uniq_donald
Shoals:2: cheibrodos_shoals_baths, layout_shoals, uniq_polyphemus
Shoals:3: layout_shoals, uniq_ilsuiw
Orc:1:    layout_diamond_mine, basic_altar
Orc:2:    pf_orc_diabolical, layout_diamond_mine

Skill      XL: |  1  2  3  4  5  6  7  8  9 10 11 12 13 14 15 16 17 |
---------------+----------------------------------------------------+-----
Poison Magic   | 4 5 6 7 8 9 10 12 13 | 13.0
Transmutations | 2 3 4 5 6 7 8 9 10 11 | 11.2
Air Magic      | 1 2 3 5 8 12 | 12.5
Dodging        | 3 4 5 6 7 8 9 |  9.0
Spellcasting   | 3 4 5 6 7 9 11 | 11.9
Conjurations   | 1 2 4 5 |  5.0
Evocations     | 2 3 5 6 7 |  7.0
Fire Magic     | 1 3 4 5 6 7 |  7.5
Invocations    | 2 4 6 7 8 9 |  9.0
Fighting       | 3 5 6 7 |  7.5
Long Blades    | 3 5 |  5.0
Ice Magic      | 2 4 5 |  5.0
Charms         | 2 4 |  4.8
Shields        | 2 4 |  4.8
Stealth        | |  2.6

Action                   |  1- 3 |  4- 6 |  7- 9 | 10-12 | 13-15 | 16-18 || total
-------------------------+-------+-------+-------+-------+-------+-------++-------
Melee: Spear             |     2 |       |       |       |       |       ||     2
       Constrict         |    11 |    13 |    39 |    23 |    24 |     5 ||   115
       Whip              |    36 |    25 |       |       |       |       ||    61
       Tentacles         |     4 |     8 |    32 |    27 |    27 |    12 ||   110
       Falchion          |       |    27 |   100 |    80 |    76 |    45 ||   328
       Unarmed           |       |       |       |       |     1 |       ||     1
 Cast: Sting             |    58 |    71 |    64 |    13 |       |     1 ||   207
       Poisonous Vapours |       |    20 |    24 |    32 |    22 |     7 ||   105
       Olgreb's Toxic Ra |       |     3 |    17 |    72 |   135 |    67 ||   294
       Mephitic Cloud    |       |       |     7 |    34 |    21 |    19 ||    81
       Ignite Poison     |       |       |     6 |    35 |    79 |    46 ||   166
       Airstrike         |       |       |       |       |   289 |   181 ||   470
       Swiftness         |       |       |       |       |     2 |     2 ||     4
       Ozocubu's Armour  |       |       |       |       |     2 |     1 ||     3
       Ice Form          |       |       |       |       |     1 |       ||     1
Evoke: Wand              |       |       |       |    21 |     1 |     1 ||    23
  Use: Potion            |       |       |       |     2 |     9 |     1 ||    12
       Scroll            |       |       |       |     2 |    34 |     7 ||    43
 Stab: Sleeping          |     3 |     1 |     7 |     3 |     2 |       ||    16
       Confused          |       |       |       |     1 |     3 |       ||     4
  Eat: Chunk             |     4 |    10 |    13 |    19 |    21 |     9 ||    76
       Ration            |       |       |     1 |     2 |     7 |     4 ||    14
Armor: Skin              |     4 |     4 |     2 |     5 |     7 |     4 ||    26
Dodge: Dodged            |    43 |    39 |   103 |    69 |   127 |    97 ||   478
Block: Buckler           |       |       |       |       |    14 |    36 ||    50
       Rpst.: Falchion   |       |     5 |    31 |    28 |    35 |    18 ||   117

Table legend:
 A = Non-vault XP
 B = Vault XP
 C = Vault XP percentage of total XP
 D = Non-vault monster count
 E = Vault monster count
 F = Vault count percentage of total count
                 A         B        C        D         E       F
            +---------+---------+-------+---------+---------+-------
      Total |  129819 |   72501 |  35.8 |     642 |     221 |  25.6
            +---------+---------+-------+---------+---------+-------
        D:1 |      33 |       3 |   8.3 |      23 |       2 |   8.0
        D:2 |      93 |      14 |  13.1 |      32 |       1 |   3.0
        D:3 |     334 |     105 |  23.9 |      43 |      13 |  23.2
        D:4 |     266 |       0 |   0.0 |      13 |       0 |   0.0
        D:5 |     540 |       4 |   0.7 |      13 |       2 |  13.3
        D:6 |     737 |       0 |   0.0 |      25 |       0 |   0.0
        D:7 |    1294 |       0 |   0.0 |      22 |       0 |   0.0
        D:8 |     877 |       0 |   0.0 |      22 |       0 |   0.0
        D:9 |    1969 |    1821 |  48.0 |      28 |       3 |   9.7
       D:10 |    3478 |       0 |   0.0 |      27 |       0 |   0.0
       D:11 |    4241 |    4297 |  50.3 |      17 |      16 |  48.5
       D:12 |    7258 |     824 |  10.2 |      36 |       1 |   2.7
       D:13 |    6398 |       0 |   0.0 |      32 |       0 |   0.0
       D:14 |    7201 |    6897 |  48.9 |      25 |      11 |  30.6
       D:15 |   16361 |    5901 |  26.5 |      43 |      10 |  18.9
     Lair:1 |    6712 |       0 |   0.0 |      22 |       0 |   0.0
     Lair:2 |    6002 |    2087 |  25.8 |      14 |      28 |  66.7
     Lair:3 |    2827 |     424 |  13.0 |       9 |       3 |  25.0
     Lair:4 |    4041 |    3864 |  48.9 |      18 |       3 |  14.3
     Lair:5 |   10559 |     542 |   4.9 |      23 |       1 |   4.2
     Lair:6 |   17689 |    7740 |  30.4 |      49 |      41 |  45.6
   Shoals:1 |   10817 |    9157 |  45.8 |      20 |       9 |  31.0
   Shoals:2 |    8504 |    9128 |  51.8 |      15 |      12 |  44.4
   Shoals:3 |    2866 |    2641 |  48.0 |       6 |       5 |  45.5
      Orc:1 |    4847 |       0 |   0.0 |      34 |       0 |   0.0
      Orc:2 |    3875 |   17052 |  81.5 |      31 |      60 |  65.9
            +---------+---------+-------+---------+---------+-------
